 Dungeon Crawl Stone Soup version 0.29-a0-222-g5b244fca1f (webtiles) character file.

Game seed: 12656660354056688478

23 jlumianski the Chopper (level 2, 0/22 HPs)
             Began as a Demonspawn Gladiator on Feb 27, 2022.
             Slain by a worm (7 damage)
             ... on level 2 of the Dungeon.
             The game lasted 00:03:42 (1106 turns).

jlumianski the Chopper (Demonspawn Gladiator)       Turns: 1106, Time: 00:03:43

Health: 0/22       AC:  5    Str: 14    XL:     2   Next: 75%
Magic:  2/2        EV: 12    Int:  9    God:
Gold:   38         SH:  5    Dex: 14    Spells: 0/1 levels left

rFire   . . .      SeeInvis .   g - +0 dagger (venom)
rCold   . . .      Faith    .   (no shield)
rNeg    . . .      Spirit   .   b - +0 leather armour
rPois   .          Reflect  +   c - +0 helmet
rElec   .          Harm     .   (no cloak)
rCorr   .          Rampage  .   (no gloves)
Will    .....                   e - +0 pair of boots
Stlth   +.........              j - amulet of reflection
HPRegen 0.07/turn               (no ring)
MPRegen 0.08/turn               (no ring)

@: no status effects
A: demonic magic 1
a: no special abilities


You were on level 2 of the Dungeon.
You visited 1 branch of the dungeon, and saw 2 of its levels.

You collected 38 gold pieces.

Inventory:

Hand Weapons
 a - a +0 war axe
 g - a +0 dagger of venom (weapon)
Missiles
 d - 3 throwing nets (quivered)
Armour
 b - a +0 leather armour (worn)
 c - a +0 helmet (worn)
 e - a +0 pair of boots (worn)
Jewellery
 j - an amulet of reflection (around neck)
Scrolls
 f - a scroll of summoning {unknown}
 h - a scroll of silence {unknown}
 i - a scroll of identify {unknown}
Potions
 k - a potion of resistance {unknown}
 l - a potion of might {unknown}


   Skills:
 + Level 2.2 Fighting
 + Level 0.3 Short Blades
 + Level 3.0 Axes
 + Level 1.9 Throwing
 + Level 0.4 Armour
 + Level 3.0 Dodging


You couldn't memorise any spells.
You knew the following spells:

 Your Spells              Type           Power      Damage    Failure   Level
a - Sandblast             Erth           0%         2d4       45%         1

Your spell library contained the following spells:

 Spells                   Type           Power      Damage    Failure   Level
 Passwall                 Tmut/Erth      0%         N/A       61%         2
 Stone Arrow              Conj/Erth      0%         3d7       83%         3


Dungeon Overview and Level Annotations

Branches:
Dungeon (2/15)

Altars:

Shops:
D:2 (


Innate Abilities, Weirdness & Mutations

Spells you cast may paralyse adjacent enemies.


Message History

Search for what [? for help]? stone Can't find anything matching that.
There is a stone staircase leading down here.
You climb downwards.
There is a stone staircase leading up here.
You see here a human corpse.
A ball python comes into view.
The ball python hisses angrily.
There is an entrance to Avvi Haudgh's Weapon Shop here.
Unknown command.
You completely miss the ball python. The ball python barely misses you.
The ball python grabs you. The ball python constricts you.
You hit the ball python but do no damage.
The ball python closely misses you. The ball python constricts you.
You closely miss the ball python. The ball python bites you.
The ball python constricts you.
You hit the ball python but do no damage.
The ball python is poisoned.
The ball python bites you but does no damage.
The ball python constricts you.
You hit the ball python.
The ball python looks as sick as possible!
The ball python is moderately wounded.
The ball python closely misses you. The ball python constricts you.
You completely miss the ball python.
The ball python is severely wounded.
You kill the ball python!
Your Dodging skill increases to level 3!
HP restored.
A worm comes into view.
Found a stone staircase leading up.
You barely miss the worm. The worm bites you!
You hit the worm but do no damage.
The worm is poisoned.
You hit the worm but do no damage.
The worm looks as sick as possible!
The worm bites you but does no damage. The worm bites you!
You hit the worm.
The worm looks as sick as possible!
The worm is almost dead.
The worm bites you!
You die...

... #.#...†.##
##.###>.......##...
.#.........∩.......#
................##.#
#......#.)...###
#......##...##
#.......#####
#.......#######
#......@.......
#######w####### #.#
#.# #.# #.# #.# #.#
..#


You could see a worm (extremely poisoned).

Vanquished Creatures
  2 dart slugs (D:1)
  4 ball pythons
  A giant cockroach (D:1)
  A goblin (D:1)
  A hobgoblin (D:1)
  2 jackals (D:2)
  2 kobolds (D:1)
  A bat (D:1)
  3 frilled lizards (D:1)
  2 rats
19 creatures vanquished.

Notes
Turn   | Place    | Note
-------+----------+-------------------------------------------
     0 | D:1      | jlumianski the Demonspawn Gladiator began the quest for the
                  | Orb.
     0 | D:1      | Reached XP level 1. HP: 16/16 MP: 1/1
   336 | D:1      | Found a faded altar of an unknown god.
   485 | D:1      | Gained mutation: Spells you cast may paralyse adjacent
                  | enemies. [demonic ancestry]
   485 | D:1      | Reached XP level 2. HP: 22/22 MP: 2/2
   487 | D:1      | Learned a level 1 spell: Sandblast
  1029 | D:2      | Found Avvi Haudgh's Weapon Shop.
  1106 | D:2      | Slain by a worm

Illustrated notes

Levels and vault maps discovered:
D:1:      psy_arrival_radial01, layout_basic, nicolae_ecumenical_snake_handling,
          nicolae_figureground_pulse
D:2:      layout_loops_ring, serial_shops, nicolae_shop_bloodbath_and_beyond

Skill      XL: |  1  2 |
---------------+-------+-----
Axes           | 3 |  3.0
Dodging        | 3 |  3.0
Fighting       | |  2.2
Short Blades   | |  0.3
Throwing       | |  1.9
Armour         | |  0.4

Action                   || total
-------------------------++-------
Melee: War axe           ||    15
       Dagger            ||    46
Armor: Leather armour    ||    24
Dodge: Dodged            ||    36
Block: Other             ||     1

Table legend: (Time is in decaauts)
 A = Elapsed time spent in this place.
 B = Non-inter-level travel time spent in this place.
 C = Inter-level travel time spent in this place.
 D = Time resting spent in this place.
 E = Time spent auto-exploring this place.
 F = Levels seen in this place.
 G = Mean time per level.
                   A        B        C        D        E       F      G
               +--------+--------+--------+--------+--------+-----+--------+
         Total |   1113 |   1073 |     40 |      0 |    840 |   2 |  556.5 |
       Dungeon |   1113 |   1073 |     40 |      0 |    840 |   2 |  556.5 |
               +--------+--------+--------+--------+--------+-----+--------+

Top non-repeatable levels by time:
     D:1: 1027 daAuts
     D:2: 85 daAuts
